 Dungeon Crawl Stone Soup version 0.30-a0-166-g5d06c95188 (webtiles) character file.

Game seed: 13907350747540873149

13183 Ijustatesigmund the Fighter (level 12, -4/82 HPs)
             Began as a Gargoyle Fighter on Sept 28, 2022.
             Slain by a two-headed ogre
             ... wielding a +0 giant spiked club
              (10 damage)
             ... on level 9 of the Dungeon on Sept 29, 2022.
             The game lasted 00:18:11 (12023 turns).

Ijustatesigmund the Fighter (Gargoyle Fighter)     Turns: 12023, Time: 00:18:12

Health: -4/82      AC: 22    Str: 24    XL:     12   Next: 3%
Magic:  12/12      EV:  9    Int: 10    God:
Gold:   402        SH:  5    Dex:  9    Spells: 11/11 levels left

rFire   + . .      SeeInvis .    a - +4 flail
rCold   + . .      Faith    .    c - +0 buckler
rNeg    + . .      Spirit   .    b - +0 chain mail
rPois   ∞          Reflect  .    i - +1 helmet
rElec   +          Harm     .    (no cloak)
rCorr   .          Rampage  .    (no gloves)
Will    .....                    (no boots)
Stlth   ..........               (no amulet)
HPRegen 0.23/turn                r - ring of protection from cold
MPRegen 0.13/turn                q - ring of protection from fire

@: no status effects
A: sickness immunity, AC +8, negative energy resistance 1, electricity
resistance, torment resistance 1, petrification resistance
a: no special abilities


You were on level 9 of the Dungeon.
You visited 1 branch of the dungeon, and saw 10 of its levels.
You also visited: Bailey.

You collected 584 gold pieces.
You spent 182 gold pieces at shops.

Inventory:

Hand Weapons
 a - a +4 flail (weapon)
 n - a +2 whip of electrocution
Armour
 b - a +0 chain mail (worn)
 c - a +0 buckler (worn)
 i - a +1 helmet (worn)
 D - +0 steam dragon scales
Jewellery
 d - a ring of flight
 o - a ring of see invisible
 q - a ring of protection from fire (right hand)
 r - a ring of protection from cold (left hand)
 u - a ring of protection from fire
 B - a ring of positive energy
 G - an amulet of the acrobat
Wands
 p - a wand of mindburst (4)
 x - a wand of flame (16)
Scrolls
 e - 4 scrolls of immolation
 t - a scroll of magic mapping
 v - 3 scrolls of enchant armour
 w - a scroll of teleportation
 y - a scroll of amnesia
 A - 2 scrolls of identify
Potions
 f - a potion of resistance
 g - 4 potions of flight
 j - 2 potions of brilliance
 k - 3 potions of curing
 l - a potion of heal wounds
 m - a potion of attraction
 s - 3 potions of magic
 z - a potion of mutation
 C - 5 potions of cancellation
 E - a potion of haste
 F - a potion of invisibility


   Skills:
 + Level 12.7 Fighting
 + Level 11.4 Maces & Flails
 + Level 9.1 Armour
 - Level 3.6 Dodging
 - Level 6.1 Shields
 - Level 2.0 Evocations


You had 11 spell levels left.
You didn't know any spells.
Your spell library contained the following spells:

 Spells                   Type           Power      Damage    Failure   Level
 Apportation              Tloc           0%         N/A       95%         1
 Necrotise                Necr           0%         1d4       95%         1
 Summon Small Mammal      Summ           0%         N/A       95%         1
 Call Canine Familiar     Summ           0%         N/A       100%        3
 Ignite Poison            Fire/Tmut/Pois 0%         N/A       100%        3
 Portal Projectile        Hex/Tloc       0%         N/A       100%        3
 Summon Guardian Golem    Hex/Summ       0%         N/A       100%        3
 Leda's Liquefaction      Hex/Erth       0%         N/A       100%        4
 Sticky Flame             Conj/Fire      0%         2d3       100%        4
 Blade Hands              Tmut           0%         N/A       100%        5
 Irradiate                Conj/Tmut      0%         3d11      100%        5
 Dragon Form              Tmut           0%         N/A       100%        7
 Ignition                 Fire           0%         3d3       100%        8


Dungeon Overview and Level Annotations

Branches:
Dungeon (10/15)            Temple (0/1) D:6             Orc (0/2) D:9
 Bailey (visited)
   Lair: D:8-11

Altars:
Hepliaklqana

Shops:
D:3 (   D:6 (

Annotations:
D:5 3 runed translucent doors, Engwar's ghost, amateur MiFi


Innate Abilities, Weirdness & Mutations

You are immune to sickness and miasma.
Your stone body is resilient. (AC +8)
You are immune to poison.
You resist negative energy. (rN+)
You are resistant to electric shocks. (rElec)
You are resistant to unholy torment.
You are immune to petrification.


Message History

The two-headed ogre is lightly wounded.
The two-headed ogre hits you with a +0 giant spiked club.
The two-headed ogre hits you with a +0 giant club!!
You thump the two-headed ogre!
The two-headed ogre is moderately wounded.
You closely miss the two-headed ogre.
The two-headed ogre is moderately wounded.
The two-headed ogre barely misses you. You block the two-headed ogre's attack.
You bludgeon the two-headed ogre!!
The two-headed ogre is heavily wounded.
You closely miss the two-headed ogre.
The two-headed ogre is heavily wounded.
The two-headed ogre hits you with a +0 giant spiked club!!
The two-headed ogre barely misses you.
You are too injured to fight recklessly!
You are too injured to fight recklessly!
You are too injured to fight recklessly!
You are too injured to fight recklessly!
You are too injured to fight recklessly!
You are too injured to fight recklessly!
You are too injured to fight recklessly!
You are too injured to fight recklessly!
You are too injured to fight recklessly!
You are too injured to fight recklessly!
You are too injured to fight recklessly!
You are too injured to fight recklessly!
You are too injured to fight recklessly!
You hit the two-headed ogre but do no damage.
The two-headed ogre is heavily wounded.
The two-headed ogre hits you with a +0 giant spiked club!
* * * LOW HITPOINT WARNING * * *
The two-headed ogre hits you with a +0 giant club!
* * * LOW HITPOINT WARNING * * *
You barely miss the two-headed ogre.
The two-headed ogre is heavily wounded.
You thump the two-headed ogre!
The two-headed ogre is severely wounded.
The two-headed ogre closely misses you.
The two-headed ogre hits you with a +0 giant club!
You die...

##.#######.....#..##..#..###.#
............._.#..##..##.# #.#
.##########....#.........# #.#
.### #...........#..# #.# ...#
##...###.####..# #.# ##.#
###..#.)# #..# #[# #.#
##....####..# #[# # #.#
##.#.##.#..###.#### #.#
###@#.#.#........... #.#
#..O...##.>..##.#### #.#
##.#...###...#.)..# # ##.####
#.......###...#.#<# ......#
##.#.....#.#.##.#.#
##.##.########.#......##.##.#.#
#.##.##............[....##.#.#
#.##.##.#####.#...########.#.#
##.......# #.#.### #.....####**


You could see a two-headed ogre.

Vanquished Creatures
  Josephine (D:10)
  A death knight (D:9)
  2 centaur warriors (D:9)
  A tengu warrior (D:9)
  2 two-headed ogres (D:9)
  A gargoyle (Bailey)
  Maggie (D:8)
  A troll (D:8)
  2 hornets
  Sigmund (D:4)
  A vampire (Bailey)
  4 wraiths (D:10)
  15 yaks
  A wyvern (D:9)
  3 steam dragons
  A redback (D:9)
  3 wargs (D:9)
  A water moccasin (D:9)
  A black bear (D:8)
  4 orc warriors
  2 ice beasts
  3 sky beasts
  2 ogres
  3 centaurs
  2 bullfrogs
  A necrophage (D:8)
  3 scorpions (D:5)
  4 wights (D:6)
  4 killer bees (D:9)
  9 vampire bats (Bailey)
  6 wolf zombies (Bailey)
  4 howler monkeys
  7 orc priests
  2 hounds (D:5)
  2 jellies
  An iguana (D:5)
  10 orc wizards
  Terence (D:2)
  10 adders
  2 shadow imps
  An ufetubus (D:4)
  A worm (D:3)
  2 dart slugs
  29 orcs
  14 ball pythons
  3 bats
  2 endoplasms (D:3)
  A giant cockroach (D:3)
  14 goblins
  7 hobgoblins
  3 jackals (D:4)
  6 kobolds
  5 quokkas
  2 frilled lizards
  23 orc zombies (Bailey)
  5 rats
243 creatures vanquished.

Vanquished Creatures (others)
  A plant (D:2)
1 creature vanquished.

Grand Total: 244 creatures vanquished

Notes
Turn   | Place    | Note
-------+----------+-------------------------------------------
     0 | D:1      | Ijustatesigmund the Gargoyle Fighter began the quest for
                  | the Orb.
     0 | D:1      | Reached XP level 1. HP: 14/14 MP: 1/1
   346 | D:1      | Reached XP level 2. HP: 19/19 MP: 2/2
   593 | D:1      | Found a faded altar of an unknown god.
   823 | D:2      | Noticed Terence
   836 | D:2      | Reached skill level 4 in Fighting
   836 | D:2      | Reached XP level 3. HP: 14/24 MP: 3/3
   846 | D:2      | Killed Terence
   847 | D:2      | Reached XP level 4. HP: 18/30 MP: 4/4
  2206 | D:3      | Reached XP level 5. HP: 30/34 MP: 5/5
  2264 | D:3      | Reached skill level 5 in Fighting
  2456 | D:3      | Found Mose's Weapon Shoppe.
  2930 | D:4      | Noticed an ogre
  2936 | D:4      | Killed an ogre
  2937 | D:4      | Reached XP level 6. HP: 38/40 MP: 6/6
  2938 | D:4      | Noticed Sigmund
  2943 | D:4      | Killed Sigmund
  2944 | D:4      | Reached skill level 6 in Fighting
  2944 | D:4      | Reached skill level 5 in Maces & Flails
  3306 | D:5      | Entered Level 5 of the Dungeon
  3314 | D:5      | Reached XP level 7. HP: 45/47 MP: 7/7
  3942 | D:5      | Found a runed translucent gate.
  3943 | D:5      | Found a runed translucent gate.
  3943 | D:5      | Noticed Engwar's ghost (amateur MiFi)
  3945 | D:5      | Found a runed translucent gate.
  4143 | D:5      | Reached skill level 7 in Fighting
  4276 | D:5      | Reached XP level 8. HP: 49/53 MP: 8/8
  4332 | D:5      | Reached skill level 5 in Armour
  4951 | D:6      | Found a staircase to the Ecumenical Temple.
  4975 | D:6      | Reached skill level 8 in Fighting
  5199 | D:6      | Found Urattux's Antique Weapon Boutique.
  5240 | D:6      | Bought a glowing flail for 182 gold pieces
  5482 | D:6      | Reached XP level 9. HP: 19/60 MP: 9/9
  5805 | D:7      | Noticed a hornet
  5823 | D:7      | Killed a hornet
  5824 | D:7      | Reached skill level 1 in Evocations
  6646 | D:8      | Reached skill level 1 in Dodging
  6659 | D:8      | Reached skill level 9 in Fighting
  6804 | D:8      | Reached XP level 10. HP: 28/68 MP: 10/10
  6818 | D:8      | Reached skill level 10 in Fighting
  7920 | D:8      | Noticed Maggie
  7930 | D:8      | Killed Maggie
  8259 | D:9      | Found a staircase to the Orcish Mines.
  8288 | D:9      | Reached skill level 5 in Shields
  8410 | D:9      | Reached skill level 11 in Fighting
  8410 | D:9      | Noticed a two-headed ogre
  8418 | D:9      | Killed a two-headed ogre
  8419 | D:9      | Reached skill level 10 in Maces & Flails
  8419 | D:9      | Reached XP level 11. HP: 25/74 MP: 11/11
  8428 | D:9      | Noticed a two-headed ogre
  8442 | D:9      | Found a flagged portal.
  8453 | Bailey   | Entered a bailey
 10123 | D:10     | Entered Level 10 of the Dungeon
 10167 | D:10     | Noticed Josephine
 10175 | D:10     | Killed Josephine
 10399 | D:9      | Noticed a two-headed ogre
 10422 | D:9      | Killed a two-headed ogre
 10423 | D:9      | Reached skill level 12 in Fighting
 10437 | D:9      | Found a hazy altar of Hepliaklqana.
 11039 | D:9      | Found a runed translucent door.
 11040 | D:9      | Noticed a centaur warrior
 11051 | D:9      | Killed a centaur warrior
 11130 | D:9      | Upgraded the game from 0.30-a0-162-g2ba88f6271 to
                  | 0.30-a0-166-g5d06c95188
 11154 | D:9      | Noticed a tengu warrior
 11179 | D:9      | Killed a tengu warrior
 11338 | D:9      | Noticed a death knight
 11338 | D:9      | Noticed a centaur warrior
 11592 | D:9      | Killed a death knight
 11836 | D:9      | Killed a centaur warrior
 11837 | D:9      | Reached XP level 12. HP: 60/82 MP: 12/12
 12023 | D:9      | Slain by a two-headed ogre

Illustrated notes

Levels and vault maps discovered:
D:1:      psy_arrival_spokes, layout_rooms,
          hellmonk_ecumenical_altar_leap_of_faith
D:2:      layout_rooms, minmay_shallow_snake_nest, uniq_terence
D:3:      minmay_diamond_boxcup, layout_loops_cross, serial_shops, shop
D:4:      layout_gridville, uniq_sigmund
D:5:      layout_cave_pools, gammafunk_ghost_split
D:6:      layout_rooms, temple_statues, serial_shops, shop
D:7:      layout_basic
D:8:      black_bear_nest_2, layout_rooms, uniq_maggie
D:9:      layout_loops_ring, mainiacjoe_overflow_chevrons,
          minmay_orc_entry_guard_dogs, enter_bailey_5, grunt_livestock,
          minivault_13
D:10:     layout_loops_corners, ebering_ghost_rock_garden, uniq_josephine

Skill      XL: |  1  2  3  4  5  6  7  8  9 10 11 |
---------------+----------------------------------+-----
Fighting       | 4 5 6 7 8 9 11 12 | 12.7
Maces & Flails | 3 4 5 6 7 8 10 11 | 11.4
Armour         | 4 6 9 |  9.1
Evocations     | 2 |  2.0
Dodging        | 3 |  3.6
Shields        | 5 6 |  6.1

Action                   |  1- 3 |  4- 6 |  7- 9 | 10-12 || total
-------------------------+-------+-------+-------+-------++-------
Melee: Flail             |    69 |    73 |   133 |   510 ||   785
       Whip              |       |    90 |   199 |       ||   289
Evoke: Wand              |       |     5 |     3 |    13 ||    21
  Use: Scroll            |     4 |     4 |     6 |     8 ||    22
       Potion            |       |     1 |     3 |    10 ||    14
 Stab: Invisible         |       |       |       |     3 ||     3
Armor: Scale mail        |    47 |    92 |    58 |       ||   197
       Chain mail        |       |       |   118 |   333 ||   451
Dodge: Dodged            |    36 |    78 |   100 |   229 ||   443
Block: Buckler           |    23 |    32 |    54 |   127 ||   236

Table legend: (Time is in decaauts)
 A = Elapsed time spent in this place.
 B = Non-inter-level travel time spent in this place.
 C = Inter-level travel time spent in this place.
 D = Time resting spent in this place.
 E = Time spent auto-exploring this place.
 F = Levels seen in this place.
 G = Mean time per level.
                   A        B        C        D        E       F      G
               +--------+--------+--------+--------+--------+-----+--------+
         Total |  11982 |  11726 |    256 |   3680 |   6102 |  11 | 1089.3 |
       Dungeon |  10336 |  10080 |    256 |   2709 |   5706 |  10 | 1033.6 |
        Bailey |   1645 |   1645 |      0 |    971 |    396 |   1 | 1645.0 |
               +--------+--------+--------+--------+--------+-----+--------+

Top non-repeatable levels by time:
     D:9: 1796 daAuts
  Bailey: 1645 daAuts
     D:5: 1333 daAuts
     D:8: 1332 daAuts
     D:7: 1138 daAuts
     D:6: 1125 daAuts
     D:2: 1002 daAuts
     D:3: 944 daAuts
     D:1: 711 daAuts
     D:4: 682 daAuts
    D:10: 270 daAuts
